Zazza, neutral male human Tourist # # $ ---------------- ---------.------ |..............|####o#-............<.| ---------------- |..............|# |..G@o........o| |..............| |.$..........<.| o..hh.........h| |..............| ##...............| --.-.----------- |..............| # -----.---------- # ###### # |..............| # ######## ### # ------------|--- $ # # # ### ####### # -----.- $ # # # # |..$..| # ### ### # |.....| # # # # |.....+# # ### ---.--- --------------# -------# ------------ # |.....| |............|# ### |..........|#####--.-- |......######|.............# # |..$.......| #.\.$| |.....| #[>...........| ##|..........| |...| |.....| |............| $ |..........|#####+...| ------- -------------- ------------# |...| ########################### ----- Zazza the Sightseer Experience level: 3 Strength: 8 Dexterity: 12 Constitution: 18 Intelligence: 10 Wisdom: 8 Charisma: 18 Health: 0(43) Energy: 12(12) Def: 2 Gold: 2452 Moves: 2213 Dungeon seed: fvSwKkwpnj0DKoqi Game ID: Zazza_1619109204 Your Inventory: Coins $ - 2452 gold pieces Amulets G - an uncursed amulet of ESP (being worn) Weapons H - a +0 crossbow I - a +0 orcish dagger J - a +0 dagger K - 61 +0 darts L - 6 +0 darts M - a +0 elven spear N - a +0 spear Armor e - an uncursed +0 Hawaiian shirt (being worn) z - an uncursed +0 pair of levitation boots (being worn) A - an uncursed +0 pair of elven boots B - an uncursed +0 alchemy smock (being worn) O - an uncursed +0 Hawaiian shirt P - an uncursed +0 orcish helm U - an uncursed +0 orcish helm X - an uncursed +0 dwarvish cloak Y - an uncursed +0 Hawaiian shirt Z - an uncursed +0 pair of iron shoes Comestibles b - an uncursed egg d - an uncursed sprig of wolfsbane g - 10 uncursed food rations h - an uncursed fortune cookie i - 2 uncursed oranges j - an uncursed eucalyptus leaf t - an uncursed lichen corpse R - 3 uncursed eggs S - 13 uncursed food rations Potions V - an uncursed potion of water Rings m - an uncursed ring of teleport control (on left hand) E - an uncursed ring of sustain ability (on right hand) Wands r - a wand of cancellation (0:3) Tools f - a +0 pick-axe s - an uncursed credit card D - an uncursed figurine of a giant ant T - an uncursed towel Spells and supernatural/magical abilities: Name Level Category Fail Memory j - jumping 1 escape 30% 98% W - pray for help -- divine ? -- Your skills at the end: Fighting Skills Weapon Skills dart [Basic] Spellcasting Skills Final Attributes: You were fervently aligned. You were poison resistant. You were acid resistant. You were stunned. You were telepathic. You had teleport control. You were levitating. You had fixed abilities. You are dead. Vanquished creatures: a snake 8 Mordor orcs an orc shaman a giant ant 2 floating eyes a kitten a dwarf a rabid rat 2 centipedes a gas spore 5 cave spiders 2 jackals 4 foxes 3 goblins 3 sewer rats 2 grid bugs 2 lichens a kobold zombie a newt 42 creatures vanquished. Voluntary challenges: You never hit with a wielded weapon. You read items or engraved 17 times, starting on turn 152. You never genocided any monsters. You never polymorphed an object. You never changed form. You used no wishes. You never split a pudding. You wrote Elbereth's name 3 times, starting on turn 1838. You never violated your personal moral code. Dungeon overview: The Dungeons of Doom: levels 1 to 9 Level 1 a fountain a long staircase Level 2 an armor shop a long staircase Level 3 Level 4 some fountains Level 5 a fountain Level 6 Level 7 Level 8 many fountains Level 9 <- You were here a throne a long staircase History has recorded: On T:1 you entered the Dungeons of Doom to retrieve the Amulet of Yendor! On T:342 you reached level 2 of The Dungeons of Doom. On T:473 you advanced to experience level 2. On T:596 you reached level 3 of The Dungeons of Doom. On T:635 you reached level 4 of The Dungeons of Doom. On T:907 you reached level 5 of The Dungeons of Doom. On T:1034 you advanced to experience level 3. On T:1099 you reached level 6 of The Dungeons of Doom. On T:1222 you reached level 7 of The Dungeons of Doom. On T:1492 you reached level 8 of The Dungeons of Doom. On T:1762 you reached level 9 of The Dungeons of Doom. Score breakdown: Gold: 2035 (11255 points) Experience: 3 levels ( 7878 points) Exploration: 9 levels ( 18.00%) (12121 points) Discoveries: 14 items ( 4.70%) ( 6502 points) Valuables value: (no points given unless you survive) Artifact value: 0 ( 0 points) Variety of kills: 19 monsters ( 4.99%) ( 6699 points) Turncount: 2213 turns ( -150 points) Survival: died (score multiplied by 80%) Total score: 35444 Latest messages: You reel... The orc shaman points at you, then curses. (5x) The orc shaman casts a spell at you! You struggle to keep your balance. The bugbear hits! The gnome hits! The orc shaman points at you, then curses. Something is written here in the dust. You read: "E?berc?h". You take off your twisted ring. The orc shaman points at you, then curses. You are now wearing a twisted ring. The bugbear hits! The gnome hits! The orc shaman points at you, then curses. You start removing your pair of levitation boots. You stop changing your equipment. The bugbear hits! The orc shaman points at you, then curses. The bugbear hits! (2x) The gnome hits! You die... Final status: Aloha Zazza the Tourist, killed by a gnome... You died in The Dungeons of Doom on dungeon level 9 with 35444 points, and 2452 pieces of gold, after 2213 moves. You were level 3 with a maximum of 43 hit points when you died.